 Dungeon Crawl Stone Soup version 0.28.0-53-g5a82cb258f (webtiles) character file.

Game seed: 16523685665788009224

392 mcbry74 the Scratcher (level 6, -12/25 HPs)
             Began as a Felid Transmuter on June 22, 2022.
             Was an Initiate of Okawaru.
             Mangled by a wyvern zombie (14 damage)
             ... on level 5 of the Dungeon.
             The game lasted 00:33:57 (9492 turns).

mcbry74 the Scratcher (Felid Transmuter)            Turns: 9492, Time: 00:33:57

Health: -12/25     AC:  2    Str:  6    XL:     6   Next: 51%
Magic:  9/10       EV: 20    Int: 16    God:    Okawaru [......]
Gold:   97         SH:  0    Dex: 17    Spells: 6/9 levels left
                                        Lives:  0   Deaths: 2

rFire   x . .      SeeInvis +     - Unarmed
rCold   + . .      Faith    .   (shield unavailable)
rNeg    . . .      Spirit   .   (armour unavailable)
rPois   .          Reflect  .   (helmet unavailable)
rElec   .          Harm     .   (cloak unavailable)
rCorr   .          Rampage  .   (gloves unavailable)
Will    .....                   (boots unavailable)
Stlth   +++.......              (no amulet)
HPRegen 0.08/turn               i - ring of ice
MPRegen 0.12/turn               (no ring)

@: appendages, quick
A: horns 2, very small, claws 1, fangs 3, see invisible, speed 1, shaggy fur 2,
stealthy paws, no weapons or thrown items, no armour, multi-lived
a: End Transformation, Renounce Religion


You were on level 5 of the Dungeon.
You worshipped Okawaru.
Okawaru was noncommittal.
You had temporarily grown beastly horns.
You visited 2 branches of the dungeon, and saw 6 of its levels.

You collected 97 gold pieces.

Inventory:

Jewellery
 i - a ring of ice (left paw)
Scrolls
 a - a scroll of enchant weapon
 f - a scroll of immolation
 g - a scroll of torment {unknown}
 h - a scroll of teleportation {unknown}
 j - a scroll of fear {unknown}
 k - 2 scrolls of noise
 l - a scroll of silence {unknown}
 m - a scroll of summoning {unknown}
 n - a scroll of brand weapon {unknown}
 o - 2 scrolls of fog
Potions
 b - a potion of might {unknown}
 c - 2 potions of resistance {unknown}
 d - 2 potions of brilliance {unknown}
 e - 2 potions of lignification {unknown}


   Skills:
 - Level 1.0 Fighting
 + Level 5.4 Dodging
 + Level 6.4 Stealth
 * Level 6.6 Unarmed Combat
 - Level 2.0 Spellcasting
 + Level 3.2 Transmutations


You had 6 spell levels left.
You knew the following spells:

 Your Spells              Type           Power      Damage    Failure   Level
a - Beastly Appendage     Tmut           24%        N/A       5%          1
b - Wereblood             Tmut           12%        N/A       9%          2

Your spell library contained the following spells:

 Spells                   Type           Power      Damage    Failure   Level
 Spider Form              Tmut/Pois      6%         N/A       32%         3
 Gell's Gravitas          Tloc           1%         N/A       52%         3
 Lesser Beckoning         Tloc           1%         N/A       52%         3
 Teleport Other           Tloc           1%         N/A       52%         3
 Ice Form                 Ice/Tmut       10%        N/A       71%         4


Dungeon Overview and Level Annotations

Branches:
Dungeon (5/15)             Temple (1/1) D:5

Altars:
Ashenzari
Cheibriados
Dithmenos
Elyvilon
Fedhas
Gozag
Hepliaklqana
Kikubaaqudgha
Makhleb
Nemelex Xobeh
Okawaru
Qazlal
Ru
Sif Muna
Trog
Uskayaw
Wu Jian
Xom
Yredelemnul
Zin
The Shining One

Annotations:
D:4 Sigmund
D:5 Blork the orc


Innate Abilities, Weirdness & Mutations

You have temporarily grown beastly horns.
You have sharp claws.
You have razor-sharp teeth.
You have supernaturally acute eyesight. (SInv)
You cover ground quickly. (Speed+)
You are covered in thick fur. (AC +2)
Your paws help you pounce on unaware monsters.
You are incapable of wielding weapons or throwing items.
You cannot wear armour.
You gain extra lives every three experience levels.


Message History

Found a stone staircase leading down.
A wyvern zombie comes into view.
Casting: Beastly Appendage (safe; 5% risk of failure)
Confirm with . or Enter, or press ? or * to list all spells.
You miscast Beastly Appendage.
You are very lightly contaminated with residual magic.
Nothing appears to happen.
The wyvern zombie bites you!
Ouch! That really hurt!
Your magical contamination has completely faded away.
The wyvern zombie closely misses you. The wyvern zombie barely misses you.
Casting: Beastly Appendage (safe; 5% risk of failure)
Confirm with . or Enter, or press ? or * to list all spells.
You grow a pair of large bovine horns.
The wyvern zombie bites you.
You completely miss the wyvern zombie. The wyvern zombie closely misses you.
You claw the wyvern zombie! You claw the wyvern zombie.
You bite the wyvern zombie, but do no damage.
The wyvern zombie is moderately damaged.
The wyvern zombie bites you!
* * * LOW HITPOINT WARNING * * *
You completely miss the wyvern zombie. You bite the wyvern zombie.
The wyvern zombie is moderately damaged.
The wyvern zombie closely misses you.
You scratch the wyvern zombie.
You headbutt the wyvern zombie, but do no damage.
You bite the wyvern zombie, but do no damage.
The wyvern zombie is moderately damaged.
The wyvern zombie closely misses you. The wyvern zombie bites you.
* * * LOW HITPOINT WARNING * * *
You barely miss the wyvern zombie. You headbutt the wyvern zombie.
You bite the wyvern zombie.
The wyvern zombie is moderately damaged.
The wyvern zombie barely misses you.
You scratch the wyvern zombie but do no damage.
You bite the wyvern zombie.
The wyvern zombie is heavily damaged.
The wyvern zombie bites you!
Ouch! That really hurt!
You die...

#.##.. ....(..
#.######l###### #.#####
#.............# #.#
..#####.#####.# #.# #.#
#.# #.# #.# #.# #.# #.#
#.# #.# #.#####.##
##.#####
#..@.....####..##...
##.Z...........##.##
##.######.###.....###.##.#
..........#≈≈≈≈≈≈≈≈≈#.##.#
#...>....#≈#.....#≈#.##)#
#######...≈.......≈..##.#
#...≈.......≈.....##
#...≈...>...≈..####.
#...≈.......≈..# #.


You could see a wyvern zombie.

Vanquished Creatures
  Grinder (D:5)
  A water moccasin (D:5)
  An ice beast (D:5)
  A bullfrog (D:5)
  A scorpion (D:4)
  A hound (D:5)
  A jelly (D:5)
  3 iguanas (D:5)
  Jessica (D:3)
  3 adders
  A howler monkey skeleton (D:4)
  2 gnolls (D:5)
  An adder skeleton (D:4)
  2 worms (D:4)
  A dart slug (D:4)
  An orc (D:3)
  10 ball pythons
  7 bats
  8 endoplasms
  2 giant cockroaches
  7 goblins
  8 hobgoblins
  8 jackals
  3 quokkas
  A frilled lizard (D:2)
  9 kobolds
  5 rats
90 creatures vanquished.

Notes
Turn   | Place    | Note
-------+----------+-------------------------------------------
     0 | D:1      | mcbry74 the Felid Transmuter began the quest for the Orb.
     0 | D:1      | Reached XP level 1. HP: 9/9 MP: 4/4
   394 | D:1      | Reached skill level 1 in Stealth
   697 | D:1      | Reached XP level 2. HP: 5/12 MP: 4/6
  1063 | D:1      | Found a faded altar of an unknown god.
  2247 | D:1      | Reached XP level 3. HP: 15/15 MP: 7/7
  3568 | D:3      | Noticed Jessica
  3662 | D:3      | Reached XP level 4. HP: 19/19 MP: 8/8
  3864 | D:3      | Learned a level 2 spell: Wereblood
  4088 | D:3      | Killed Jessica
  4639 | D:4      | Noticed Sigmund
  4961 | D:4      | Shot with a bolt by a kobold
  4962 | D:4      | Reached XP level 3. HP: -2/15 MP: 7/7
  4981 | D:4      | Noticed a scorpion
  4994 | D:4      | Killed a scorpion
  4995 | D:4      | Reached XP level 4. HP: 19/19 MP: 5/8
  5381 | D:5      | Entered Level 5 of the Dungeon
  5381 | D:5      | Noticed an ogre
  5717 | D:4      | Identified the +2 pair of gloves "Turyew" {Harm Str+2}
  5871 | D:5      | Noticed an ice beast
  5894 | D:5      | Killed an ice beast
  5895 | D:5      | Reached skill level 5 in Stealth
  5895 | D:5      | Reached skill level 5 in Unarmed Combat
  5895 | D:5      | Reached XP level 5. HP: 1/22 MP: 7/9
  6221 | D:5      | Found a staircase to the Ecumenical Temple.
  7039 | D:5      | Noticed a water moccasin
  7053 | D:5      | Killed a water moccasin
  7054 | D:5      | Gained mutation: You are covered in thick fur. (AC +2)
                  | [Felid growth]
  7054 | D:5      | Reached XP level 6. HP: 11/25 MP: 10/10
  7268 | D:5      | Noticed Grinder
  7840 | Temple   | Entered the Ecumenical Temple
  7957 | Temple   | Became a worshipper of Warmaster Okawaru
  8659 | D:5      | Noticed Blork the orc
  8837 | D:5      | Reached XP level 7. HP: 28/28 MP: 11/11
  8875 | D:5      | Killed Grinder
  8876 | D:5      | Reached skill level 5 in Dodging
  9426 | D:5      | Slain by Blork the orc
  9427 | D:5      | Reached XP level 6. HP: -2/25 MP: 10/10
  9492 | D:5      | Mangled by a wyvern zombie

Illustrated notes

Levels and vault maps discovered:
D:1:      minmay_arrival_nine_rooms, layout_loops_corners,
          hellmonk_ecumenical_altar_heavens_door
D:2:      layout_loops_ring
D:3:      layout_rooms, roderic_serpentine_path, uniq_jessica
D:4:      layout_cave_pools, minmay_misc_feat_hallway,
          kennysheep_generic_room_8, uniq_sigmund
D:5:      layout_loops_ring, minmay_temple_entry_water_ring,
          hangedman_abyss_or_decor_stagger, nicolae_fountain_basement,
          uniq_blork_the_orc, uniq_menkaure, uniq_grinder
Temple:   kilobyte_greek_temple

Skill      XL: |  1  2  3  4  5  6  7 |
---------------+----------------------+-----
Stealth        | 1 2 3 5 6 |  6.4
Unarmed Combat | 4 5 6 |  6.6
Dodging        | 4 5 |  5.4
Transmutations | 3 |  3.2
Fighting       | |  1.0
Spellcasting   | |  2.0

Action                   |  1- 3 |  4- 6 |  7- 9 || total
-------------------------+-------+-------+-------++-------
Melee: Unarmed           |   102 |   154 |    16 ||   272
       Headbutt          |    11 |    20 |     7 ||    38
       Bite              |     4 |    24 |     1 ||    29
       Punch             |     1 |     6 |       ||     7
 Cast: Beastly Appendage |    16 |    27 |     6 ||    49
  Use: Scroll            |       |     4 |       ||     4
 Stab: Sleeping          |    14 |     5 |     1 ||    20
       Distracted        |     2 |       |       ||     2
Armor: Skin              |     7 |     5 |       ||    12
Dodge: Dodged            |    68 |   115 |    17 ||   200
